 Dungeon Crawl Stone Soup version 0.30-a0-1066-g63dfefce0d (webtiles) character file.

Game seed: 9836424955062554027

249 MachoJfn the Stinger (level 5, -12/36 HPs)
             Began as a Demonspawn Venom Mage on Apr 12, 2023.
             Was a Priest of Qazlal.
             Mangled by an ogre
             ... wielding a +0 giant spiked club
              (30 damage)
             ... on level 4 of the Dungeon.
             The game lasted 00:19:49 (4876 turns).

MachoJfn the Stinger (Demonspawn Venom Mage)        Turns: 4876, Time: 00:19:50

Health: -12/36     AC:  8    Str: 12    XL:     5   Next: 86%
Magic:  6/10       EV: 12    Int: 19    God:    Qazlal [***...]
Gold:   157        SH:  3    Dex: 19    Spells: 7/11 levels left

rFire   . . .      SeeInvis .    p - staff of poison
rCold   + . .      Faith    .    (no shield)
rNeg    . . .      Spirit   .    m - +1 robe "Jiskoykh" {rC+ Str+4}
rPois   +          Reflect  .    (helmet restricted)
rElec   .          Rampage  .    (no cloak)
rCorr   .                        f - +2 pair of gloves
Will    .....                    (no boots)
Stlth   ++                       (no amulet)
HPRegen 0.26/turn                a - +6 ring of dexterity
MPRegen 0.12/turn                (no ring)

@: no status effects
A: antennae 1, molten scales 1
a: Renounce Religion, Upheaval, Elemental Force


You were on level 4 of the Dungeon.
You worshipped Qazlal.
Qazlal was most pleased with you.
You visited 1 branch of the dungeon, and saw 4 of its levels.

You collected 157 gold pieces.

Inventory:

Hand Weapons
 d - a +0 vampiric dagger
Missiles
 g - 52 stones
 l - 2 throwing nets
Armour
 f - a +2 pair of gloves (worn)
 m - the +1 robe "Jiskoykh" (worn) {rC+ Str+4}
   (You found it on level 2 of the Dungeon)

   Str:       It affects your strength (+4).
   rC:        It protects you from cold.
Magical Staves
 p - a staff of poison (weapon)
Jewellery
 a - a +6 ring of dexterity (left hand)
Wands
 n - a wand of mindburst (15)
Scrolls
 c - a scroll of identify
 o - a scroll of teleportation
 r - a scroll of amnesia {unknown}
Potions
 b - a potion of magic
 e - a potion of lignification
 h - a potion of curing
 i - a potion of brilliance
 j - a potion of berserk rage
 k - 2 potions of mutation {unknown}
 q - a potion of ambrosia {unknown}


   Skills:
 + Level 0.8 Fighting
 + Level 0.3 Short Blades
 + Level 0.4 Staves
 + Level 2.0 Dodging
 + Level 1.9 Stealth
 + Level 0.1 Shields
 + Level 3.8 Spellcasting
 + Level 2.0 Transmutations
 + Level 0.1 Air Magic
 + Level 4.4 Poison Magic


You had 7 spell levels left.
You knew the following spells:

 Your Spells              Type           Power      Damage    Failure   Level
a - Sting                 Tmut/Pois      92%        1d7       3%          1
b - Apportation           Tloc           6%         N/A       14%         1
c - Poisonous Vapours     Pois/Air       36%        N/A       9%          2

Your spell library contained the following spells:

 Spells                   Type           Power      Damage    Failure   Level
 Necrotise                Necr           12%        1d4       14%         1
 Summon Small Mammal      Summ           12%        N/A       14%         1
 Mephitic Cloud           Conj/Pois/Air  14%        N/A       22%         3
 Olgreb's Toxic Radiance  Pois           30%        N/A       22%         4
 Stone Arrow              Conj/Erth      6%         3d7       38%         3
 Animate Armour           Summ/Erth      6%         N/A       80%         4
 Lehudib's Crystal Spear  Conj/Erth      1%         10d2      100%        8


Dungeon Overview and Level Annotations

Branches:
Dungeon (4/15)
 Temple: D:4-7

Altars:
Fedhas
Makhleb
Qazlal
Trog
Yredelemnul

Annotations:
D:4 1 runed translucent door, GigaChad's ghost, amateur DECj


Innate Abilities, Weirdness & Mutations

You have a pair of small antennae on your head.
You are partially covered in molten scales. (AC +2)


Message History

Casting: Sting (safe; 3% risk of failure)
Confirm with . or Enter, or press ? or * to list all spells.
Aiming: Sting (safe; 3% risk of failure)
Press: ? - help, Shift-Dir - straight line, f/p - iguana
Aim: an iguana (moderately wounded, very poisoned, 79% to hit)
You feel a surge of power!
The sting hits the iguana.
The iguana looks even sicker.
The iguana is heavily wounded.
The iguana misses you.
An ogre comes into view. It is wielding a +0 giant spiked club.
You hit the iguana but do no damage.
You envenom the iguana.
The iguana looks as sick as possible!
The iguana is severely wounded.
The iguana bites you!
You hit the iguana but do no damage.
The iguana is severely wounded.
You block the iguana's attack.
You barely miss the iguana.
The iguana is severely wounded.
You kill the iguana!
Qazlal accepts your kill.
The ogre hits you with a +0 giant spiked club!
Your Transmutations skill increases to level 2!
Casting: Sting (safe; 3% risk of failure)
Confirm with . or Enter, or press ? or * to list all spells.
Aiming: Sting (safe; 3% risk of failure)
Press: ? - help, Shift-Dir - straight line, f - ogre
Aim: an ogre, wielding a +0 giant spiked club (89% to hit)
You feel a surge of power!
The sting hits the ogre.
The ogre is poisoned.
The ogre is moderately wounded.
Casting: Sting (safe; 3% risk of failure)
Confirm with . or Enter, or press ? or * to list all spells.
Aiming: Sting (safe; 3% risk of failure)
Press: ? - help, Shift-Dir - straight line, f/p - ogre
Aim: an ogre, wielding a +0 giant spiked club (moderately wounded, poisoned, 89% to hit)
You feel a surge of power!
The sting hits the ogre.
The ogre looks even sicker.
The ogre is moderately wounded.
The ogre hits you with a +0 giant spiked club!!
Ouch! That really hurt!
You die...

#.#..##....# .#####
+.##..##...#~# .......
#..##..#...#!# .......
#......#...#W# .......
#.##..##...#S# .......
#####..####...+#F#####
##.....
#..............#S#...+
#.....
#......+......°#+#...#
#.....
#......#.......@O....#
######
#..###.######..###..##
##..###.######..### #
..................#
..................#
..................#
..................#
##'####..####+#####
... #..#


You could see an ogre (very poisoned), a bullfrog, GigaChad's ghost and 2
adders.

Vanquished Creatures
  2 iguanas
  An orc wizard (D:3)
  4 gnolls (D:4)
  3 adders
  An adder zombie (D:2)
  An adder skeleton (D:2)
  A worm (D:3)
  2 dart slugs
  3 orcs
  7 bats
  10 endoplasms
  2 giant cockroaches
  11 goblins
  5 hobgoblins
  9 jackals
  2 quokkas
  6 ball pythons
  4 frilled lizards
  A giant cockroach zombie (D:2)
  11 kobolds
  A quokka skeleton (D:2)
  2 rats (D:1)
89 creatures vanquished.

Vanquished Creatures (others)
  6 withered plants (D:2)
6 creatures vanquished.

Grand Total: 95 creatures vanquished

Notes
Turn   | Place    | Note
-------+----------+-------------------------------------------
     0 | D:1      | MachoJfn the Demonspawn Venom Mage began the quest for the
                  | Orb.
     0 | D:1      | Reached XP level 1. HP: 13/13 MP: 3/3
   274 | D:1      | Gained mutation: You are partially covered in molten
                  | scales. (AC +2) [demonic ancestry]
   274 | D:1      | Reached XP level 2. HP: 16/19 MP: 0/5
   446 | D:1      | Found a faded altar of an unknown god.
   452 | D:1      | Prayed at the altar of an unknown god.
   452 | D:1      | Became a worshipper of Qazlal Stormbringer
   452 | D:1      | Reached * piety under Qazlal
   822 | D:1      | Reached skill level 1 in Transmutations
  1226 | D:1      | Reached XP level 3. HP: 24/24 MP: 0/6
  1582 | D:2      | Reached ** piety under Qazlal
  1592 | D:2      | Identified the +1 robe "Jiskoykh" {rC+ Str+4}
  1882 | D:2      | Gained mutation: You have a pair of small antennae on your
                  | head. [demonic ancestry]
  1882 | D:2      | Reached XP level 4. HP: 31/31 MP: 4/8
  2849 | D:3      | Found a blossoming altar of Fedhas.
  2849 | D:3      | Found a burning altar of Makhleb.
  2849 | D:3      | Found a bloodstained altar of Trog.
  2860 | D:3      | Found a basalt altar of Yredelemnul.
  3204 | D:3      | Reached skill level 4 in Poison Magic
  3760 | D:3      | Reached XP level 5. HP: 36/36 MP: 1/9
  4332 | D:1      | Learned a level 1 spell: Apportation
  4409 | D:3      | Learned a level 2 spell: Poisonous Vapours
  4744 | D:4      | Reached *** piety under Qazlal
  4864 | D:4      | Found a runed translucent door.
  4866 | D:4      | Noticed GigaChad's ghost (amateur DECj)
  4871 | D:4      | Noticed an ogre
  4876 | D:4      | Mangled by an ogre

Illustrated notes

Levels and vault maps discovered:
D:1:      evilmike_arrival_plus, layout_basic,
          dreamdust_ecumenical_altar_angels_and_demons, due_unseen_surprise
D:2:      layout_loops_ring, serial_undead, serial_undead_f, serial_undead_c,
          serial_undead_b, serial_undead_b
D:3:      layout_basic, chequers_temple_overflow_statue_of_worship
D:4:      layout_gridville, ebering_ghost_sewer_d, minmay_close_crescents

Skill      XL: |  1  2  3  4  5 |
---------------+----------------+-----
Transmutations | 1 2 |  2.0
Dodging        | 2 |  2.0
Spellcasting   | 3 |  3.8
Poison Magic   | 4 |  4.4
Fighting       | |  0.8
Short Blades   | |  0.3
Staves         | |  0.4
Stealth        | |  1.9
Shields        | |  0.1
Air Magic      | |  0.1

Action                     |  1- 3 |  4- 6 || total
---------------------------+-------+-------++-------
  Melee: Unarmed           |     6 |       ||     6
         Dagger            |    75 |     8 ||    83
         Punch             |     2 |       ||     2
         Staff             |       |    24 ||    24
   Cast: Sting             |    80 |   106 ||   186
         Poisonous Vapours |       |     5 ||     5
    Use: Scroll            |     5 |     3 ||     8
         Potion            |     1 |     2 ||     3
 Armour: Robe              |    48 |    11 ||    59
  Dodge: Dodged            |    63 |    40 ||   103
  Block: Other             |     9 |     9 ||    18

Table legend: (Time is in decaauts)
 A = Elapsed time spent in this place.
 B = Non-inter-level travel time spent in this place.
 C = Inter-level travel time spent in this place.
 D = Time resting spent in this place.
 E = Time spent auto-exploring this place.
 F = Levels seen in this place.
 G = Mean time per level.
                   A        B        C        D        E       F      G
               +--------+--------+--------+--------+--------+-----+--------+
         Total |   4879 |   4136 |    743 |    840 |   2589 |   4 | 1219.8 |
       Dungeon |   4879 |   4136 |    743 |    840 |   2589 |   4 | 1219.8 |
               +--------+--------+--------+--------+--------+-----+--------+

Top non-repeatable levels by time:
     D:3: 1580 daAuts
     D:2: 1537 daAuts
     D:1: 1402 daAuts
     D:4: 358 daAuts
